AoeStats
← 俄佐立仲裁者泰菲力

Black Forest

510093923Analyzed
4v4 RM · 3d ago on Sep 29, 2026· 39m 33s· 8 players
Game mode
Random Map
Map size
Large (8 player)
Population
200
Speed
Normal
Resources
Standard
Victory
Conquest
Starting age
Dark Age
Ending age
Imperial Age
RankedLock teamsTeams togetherTeam positionsShared explorationLock speedFull tech treeHidden civsTurbo modeCheats
Victory
Defeat
🇹🇼 Saxons · Taiwan
1881
+11
🇹🇼 Danes · Taiwan
1719
+18
🇹🇼 Saracens · Taiwan
1712
+18
🇹🇼 Teutons · Taiwan
1565
+24
🇭🇰 Bengalis · Hong Kong SAR China
1870
-22
🇨🇳 Danes · China
1805
-20
🇭🇰 Bohemians · Hong Kong SAR China
1679
-15
1658
-14
liang0312
0:45 Loom
15:45 Feudal Age
16:29 Double-Bit Axe
16:52 Horse Collar
19:16 Castle Age
18:16 Gold Mining
20:32 Bow Saw
21:36 Scale Mail Armor
26:16 Sanctity
26:34 Chain Mail Armor
31:40 Forging
31:20 Arson
33:44 Heavy Plow
35:20 Wheelbarrow
39:00 Imperial Age
37:05 Hand Cart
36:30 Hamask
38:06 Iron Casting
37:28 Stone Mining
37:58 Squires
39:04 Capped Ram
40:06 Conscription
39:33 Elite Jomsviking
TATTOO
7:13 Loom
9:39 Feudal Age
10:46 Double-Bit Axe
11:34 Horse Collar
19:27 Castle Age
18:51 Scale Barding Armor
18:39 Gold Mining
19:18 Forging
20:32 Chain Barding Armor
20:36 Bow Saw
27:33 Bloodlines
30:58 Heavy Plow
32:17 Wheelbarrow
37:22 Imperial Age
35:55 Forging
36:15 Hand Cart
37:48 Iron Casting
38:00 Caravan
37:48 Cavalier
Python 1.0.19
3:56 Loom
4:16 Loom
11:24 Feudal Age
15:18 Castle Age
13:17 Double-Bit Axe
13:13 Horse Collar
16:23 Bow Saw
17:26 Wheelbarrow
19:51 Town Watch
22:00 Heavy Plow
24:44 Stone Mining
29:28 Imperial Age
27:48 Scale Barding Armor
28:16 Bimaristan
28:08 Gold Mining
28:56 Bloodlines
28:47 Husbandry
29:41 Forging
30:25 Chain Barding Armor
31:29 Hoardings
31:30 Conscription
32:03 Plate Barding Armor
33:18 Iron Casting
32:20 Elite Mameluke
34:04 Caravan
37:05 Counterweights
38:05 Gold Shaft Mining
38:05 Sanctity
40:08 Herbal Medicine
小羽
0:38 Loom
12:11 Feudal Age
13:27 Double-Bit Axe
15:53 Castle Age
15:17 Horse Collar
17:18 Bow Saw
17:59 Town Watch
26:19 Fletching
28:19 Wheelbarrow
31:48 Imperial Age
29:44 Bodkin Arrow
30:44 Sanctity
31:25 Clerical Recruitment
34:49 Block Printing
34:55 Hand Cart
35:16 Theocracy
35:08 Illumination
36:00 Redemption
36:12 Block Printing
37:29 Devotion
37:33 Gold Mining
37:34 Stone Mining
37:45 Caravan
37:57 Guilds
38:57 Two-Man Saw
欺负我有什么好
9:15 Loom
11:01 Feudal Age
13:29 Double-Bit Axe
16:07 Castle Age
13:51 Horse Collar
17:08 Bow Saw
17:20 Fletching
17:39 Heavy Plow
20:11 Husbandry
20:47 Padded Archer Armor
21:47 Wheelbarrow
22:00 Bodkin Arrow
26:40 Hand Cart
28:57 Leather Archer Armor
29:41 Paiks
31:01 Ballistics
31:15 Stone Mining
31:17 Gold Mining
31:41 Bloodlines
34:01 Gold Shaft Mining
33:56 Devotion
34:08 Masonry
36:43 Imperial Age
35:03 Forging
37:25 Bracer
38:29 Chemistry
37:37 Siege Engineers
37:04 Elite Ratha (Ranged)
38:05 Conscription
38:49 Ring Archer Armor
38:23 Pikeman
39:05 Squires
枕上鸳鸯睡红莲
11:28 Feudal Age
15:02 Castle Age
13:10 Double-Bit Axe
13:12 Horse Collar
15:54 Bow Saw
20:40 Wheelbarrow
20:31 Heavy Plow
21:18 Gold Mining
21:53 Stone Mining
23:34 Hand Cart
24:44 Loom
27:30 Imperial Age
26:03 Stone Shaft Mining
26:38 Gold Shaft Mining
27:22 Scale Barding Armor
27:28 Forging
27:10 Elite War Elephant
28:11 Conscription
28:58 Chain Barding Armor
28:40 Husbandry
28:50 Bloodlines
29:51 Two-Man Saw
29:32 Crop Rotation
30:03 Heavy Camel Rider
33:23 Plate Barding Armor
33:24 Iron Casting
36:17 Devotion
36:20 Fletching
37:33 Blast Furnace
36:23 Fletching
36:55 Ballistics
37:35 Chemistry
37:44 Hoardings
37:20 Masonry
38:37 Faith
39:00 Caravan
俄佐立仲裁者泰菲力
2:19 Loom
12:29 Feudal Age
13:04 Town Watch
16:03 Wheelbarrow
17:18 Horse Collar
19:01 Double-Bit Axe
25:18 Castle Age
25:50 Fletching
25:50 Arson
34:24 Bodkin Arrow
catastrophe
0:43 Loom
12:05 Feudal Age
13:16 Double-Bit Axe
15:54 Castle Age
14:36 Stone Mining
14:54 Gold Mining
15:31 Horse Collar
18:26 Bow Saw
22:02 Town Watch
23:27 Fletching
24:00 Scale Mail Armor
27:39 Squires
28:35 Forging
30:39 Wheelbarrow
33:27 Chain Mail Armor
39:12 Imperial Age
Connection lost

Rejoining the realm…

Still unreachable

The connection could not be restored.

Session expired

The server has moved on; the page needs a fresh start.